 Dungeon Crawl Stone Soup version 0.27.1-33-g824d729ab1 (webtiles) character file.

Game seed: 1731260933555022585

212 H0rd4k the Charlatan (level 6, -8/46 HPs)
             Began as a Human Artificer on Dec 22, 2021.
             Mangled by an ogre (20 damage)
             ... on level 4 of the Dungeon.
             The game lasted 00:04:27 (4645 turns).

H0rd4k the Charlatan (Human Artificer)              Turns: 4645, Time: 00:04:27

Health: -8/46      AC:  3    Str: 13    XL:     6   Next: 13%
Magic:  6/6        EV: 12    Int: 12    God:
Gold:   207        SH:  0    Dex: 20    Spells: 5/5 levels left

rFire    . . .     SeeInvis .   j - +3 dagger
rCold    . . .     Faith    .   (no shield)
rNeg     . . .     Spirit   .   b - +0 leather armour
rPois    .         Reflect  .   (no helmet)
rElec    .         Harm     .   (no cloak)
rCorr    .         Rampage  .   (no gloves)
Will     .....                  (no boots)
Stlth    ++........             (no amulet)
HPRegen  0.15/turn              k - +6 ring of dexterity
MPRegen  0.10/turn              l - ring of flight

@: flying
A: no striking features
a: no special abilities


You were on level 4 of the Dungeon.
You visited 1 branch of the dungeon, and saw 4 of its levels.

You collected 207 gold pieces.

Inventory:

Hand Weapons
 a - a +0 club
 j - a +3 dagger (weapon)
 p - a +0 scythe of venom
Armour
 b - a +0 leather armour (worn)
Jewellery
 h - a +6 ring of dexterity
 k - a +6 ring of dexterity (left hand)
 l - a ring of flight (right hand)
Wands
 d - a wand of charming (9)
Scrolls
 c - a scroll of holy word {unknown}
 g - a scroll of identify {unknown}
 i - a scroll of magic mapping {unknown}
 o - a scroll of fog {unknown}
 q - a scroll of enchant armour {unknown}
 r - a scroll of teleportation {unknown}
Potions
 f - 2 potions of haste {unknown}
 m - a potion of lignification {unknown}
 n - 2 potions of curing {unknown}
Miscellaneous
 e - a piece from Xom's chessboard (10/15)


   Skills:
 + Level 2.6 Fighting
 + Level 1.3 Short Blades
 - Level 2.0 Armour
 + Level 2.5 Dodging
 - Level 1.0 Stealth
 + Level 4.9 Evocations


You had 5 spell levels left.
You didn't know any spells.
Your spell library contained the following spells:

 Spells                   Type           Power      Damage    Failure   Level
 Pain                     Necr           0%         1d4       38%         1
 Frozen Ramparts          Ice            0%         1d2       77%         3
 Ice Form                 Ice/Tmut       0%         N/A       99%         4
 Summon Ice Beast         Ice/Summ       0%         N/A       99%         4
 Agony                    Necr           0%         N/A       100%        5
 Excruciating Wounds      Necr           0%         N/A       100%        5


Dungeon Overview and Level Annotations

Branches:
Dungeon (4/15)
 Temple: D:4-7

Altars:

Shops:
D:4 [[


Message History

An ogre is nearby!
An ogre is nearby!
An ogre is nearby!
You make a move on Xom's chessboard...
The ogre is outlined in light.
Unknown command.
You make a move on Xom's chessboard...
The ogre resists with significant effort.
Unknown command.
You make a move on Xom's chessboard...
The ogre glows brighter.
Unknown command.
You make a move on Xom's chessboard...
The ogre glows brighter.
Unknown command.
You make a move on Xom's chessboard...
The ogre flickers and vanishes for a moment.
Unknown command.
Unknown command.
You hit the ogre.
The ogre is lightly wounded.
The ogre hits you with a +0 giant club!
You hit the ogre.
The ogre is moderately wounded.
The ogre barely misses you.
You hit the ogre.
The ogre is heavily wounded.
You hit the ogre.
The ogre is heavily wounded.
The ogre closely misses you.
You hit the ogre.
The ogre is severely wounded.
The ogre hits you with a +0 giant club.
You hit the ogre.
The ogre is severely wounded.
You hit the ogre.
The ogre is almost dead.
The ogre hits you with a +0 giant club!
* * * LOW HITPOINT WARNING * * *
You hit the ogre.
The ogre is almost dead.
The ogre hits you with a +0 giant club!!
You die...

...... 8.8.8.#... .#.
##<#... ........#
#...##..#..# .#.....+
+.........≈.
......#+#..#.....≈.≈
##.........#.....≈...
...............≈..∩.
#.O............≈...
##@.###.........≈.≈
#..##..##........≈.
#.###..##....##....
#.###..............
#....∩....#.....##.
#.....######....#..
####..# #.......#
#..# ###.....# ####
.....#


You could see an ogre (invisible, corona).

Vanquished Creatures
  A scorpion (D:2)
  2 adders
  A worm (D:2)
  A dart slug (D:2)
  3 orcs (D:3)
  10 endoplasms
  4 goblins
  4 hobgoblins
  4 jackals (D:1)
  4 quokkas
  9 ball pythons
  5 bats
  A frilled lizard (D:1)
  4 kobolds
  4 rats
57 creatures vanquished.

Vanquished Creatures (collateral kills)
  A worm (D:3)
  A white imp (D:3)
  A ball python (D:2)
  An endoplasm (D:2)
  A hobgoblin (D:3)
  A rat (D:3)
6 creatures vanquished.

Vanquished Creatures (others)
  Sigmund (D:3)
  A quokka (D:3)
2 creatures vanquished.

Grand Total: 65 creatures vanquished

Notes
Turn   | Place    | Note
-------+----------+-------------------------------------------
     0 | D:1      | H0rd4k the Human Artificer began the quest for the Orb.
     0 | D:1      | Reached XP level 1. HP: 15/15 MP: 1/1
    90 | D:1      | Reached XP level 2. HP: 6/21 MP: 2/2
  1328 | D:1      | Reached XP level 3. HP: 26/26 MP: 3/3
  1691 | D:2      | Reached skill level 4 in Evocations
  2479 | D:2      | Reached XP level 4. HP: 30/32 MP: 4/4
  2557 | D:2      | Found a faded altar of an unknown god.
  2600 | D:2      | Noticed a scorpion
  2615 | D:2      | Killed a scorpion
  2616 | D:2      | Reached XP level 5. HP: 19/38 MP: 5/5
  3180 | D:3      | Noticed Sigmund
  3195 | D:3      | Your ally died
  3196 | D:3      | Reached skill level 1 in Short Blades
  3548 | D:3      | HP: 1/39 [orc (5)]
  3550 | D:3      | Reached XP level 6. HP: 2/46 MP: 6/6
  4598 | D:4      | Found Botzuva's Antique Armour Shop.
  4610 | D:4      | Found Hesalio's Antique Armour Boutique.
  4632 | D:4      | Noticed an ogre
  4645 | D:4      | Mangled by an ogre

Illustrated notes

Levels and vault maps discovered:
D:1:      roderic_chinese_lattice_arrival, layout_basic
D:2:      layout_loops_ring, hellmonk_ecumenical_altar_inner_sanctum
D:3:      layout_basic, supply_closet_lemuel, uniq_sigmund
D:4:      layout_cave_pools, minmay_temple_entry_statues_fountains,
          serial_shops, kennysheep_mini_moat, nicolae_diamond_shop,
          nicolae_square_shop

Skill      XL: |  1  2  3  4  5 |
---------------+----------------+-----
Evocations     | 4 |  4.9
Fighting       | 2 |  2.6
Dodging        | 2 |  2.5
Short Blades   | 1 |  1.3
Armour         | |  2.0
Stealth        | |  1.0

Action                   |  1- 3 |  4- 6 || total
-------------------------+-------+-------++-------
Melee: Club              |    80 |       ||    80
       Dagger            |    36 |    99 ||   135
Evoke: Wand              |     9 |    12 ||    21
       Piece from Xom's  |       |     5 ||     5
 Stab: Sleeping          |     6 |     3 ||     9
Armor: Leather armour    |    30 |    17 ||    47
Dodge: Dodged            |    78 |    62 ||   140
